 Dungeon Crawl Stone Soup version 0.20.1-1-g8b1a95d (webtiles) character file.

2771 pstr the Destroyer (level 10, -4/58 HPs)
             Began as a Kobold Conjurer on Nov 18, 2017.
             Was a Follower of Qazlal.
             Slain by an orc warrior
             ... wielding a +0 halberd
              (12 damage)
             ... on level 7 of the Dungeon.
             The game lasted 00:33:33 (11596 turns).

pstr the Destroyer (Kobold Conjurer)               Turns: 11596, Time: 00:33:34

Health: -4/58      AC: 14    Str:  6    XL:     10   Next: 1%
Magic:  18/22      EV: 14    Int: 19    God:    Qazlal [*.....]
Gold:   465        SH:  8    Dex: 16    Spells: 20/25 levels left

rFire    . . .     SeeInvis .   l - +3 hand axe (venom)
rCold    . . .     Gourm    .   h - +2 buckler
rNeg     . . .     Faith    .   J - +2 ring mail {MR+}
rPois    +         Spirit   .   K - +0 helmet
rElec    .         Reflect  .   N - +2 cloak
rCorr    .         Harm     +   C - +0 pair of gloves
MR       +....                  L - +0 pair of boots
Stlth    ++++......             I - amulet of harm
Regen    0.2/turn               d - ring of poison resistance
MPRegen  0.2/turn               j - ring of stealth (curse)

@: no status effects
A: carnivore 3
a: Renounce Religion


You were on level 7 of the Dungeon.
You worshipped Qazlal.
Qazlal was aware of your devotion.
You were completely stuffed.

You visited 2 branches of the dungeon, and saw 9 of its levels.

You collected 465 gold pieces.

Inventory:

Hand Weapons
 i - a +1 antimagic short sword
 l - a +3 hand axe of venom (weapon)
Missiles
 f - 303 stones (quivered)
 o - 70 arrows
Armour
 a - a +0 robe
 h - a +2 buckler (worn)
 m - a +0 ring mail
 B - a +0 leather armour
 C - a +0 pair of gloves (worn)
 F - a scarf of resistance
 J - a +2 ring mail of magic resistance (worn)
 K - a +0 helmet (worn)
 L - a +0 pair of boots (worn)
 M - a cursed +0 robe
 N - a +2 cloak (worn)
 R - a +1 hat
Jewellery
 d - a ring of poison resistance (left hand)
 e - an uncursed ring of ice
 j - a cursed ring of stealth (right hand)
 r - a +3 ring of evasion
 y - the amulet of the Traitor {Gourm rC++ Str-5}
   (You found it on level 4 of the Dungeon)

   [amulet of the gourmand]

   It allows you to eat raw meat even when not hungry.
   It affects your strength (-5).
   It greatly protects you from cold.
 I - an amulet of harm (around neck)
Wands
 v - a wand of polymorph (10/24)
 E - a wand of digging (9/24)
 G - a wand of flame (29/48)
 S - a wand of iceblast (7/15)
 T - a wand of acid (6/15)
Scrolls
 k - 3 scrolls of fog
 q - a scroll of fear
 t - a scroll of identify
 u - 3 scrolls of immolation
 w - a scroll of acquirement {unknown}
 z - a scroll of magic mapping
 A - 5 scrolls of teleportation
 D - 2 scrolls of blinking
 P - 2 scrolls of amnesia {unknown}
 Q - a scroll of remove curse {unknown}
Potions
 g - 2 potions of lignification
 n - a potion of berserk rage
 s - a potion of might {unknown}
 x - 2 potions of curing
 H - a potion of cancellation {unknown}
Books
 b - a book of Conjurations

   Spells                             Type                      Level
   a - Magic Dart                     Conjuration                  1
   b - Searing Ray                    Conjuration                  2
   c - Dazzling Spray                 Conjuration/Hexes            3
   d - Fulminant Prism                Conjuration/Hexes            4
   e - Force Lance                    Conjuration/Translocation    4
   f - Iskenderun's Mystic Blast      Conjuration                  4
 O - a book of Changes

   Spells                             Type                      Level
   a - Beastly Appendage              Transmutation                1
   b - Sticks to Snakes               Transmutation                2
   c - Spider Form                    Transmutation/Poison         3
   d - Ice Form                       Ice/Transmutation            4
   e - Blade Hands                    Transmutation                5
Comestibles
 c - 8 meat rations
 p - 5 royal jellies
 U - 2 chunks of flesh


   Skills:
 + Level 4.7 Fighting
 + Level 5.4 Short Blades
 + Level 0.7 Axes
 + Level 1.2 Throwing
 + Level 3.1 Armour
 + Level 6.5 Dodging
 + Level 6.9 Stealth
 + Level 1.2 Shields
 + Level 0.8 Unarmed Combat
 + Level 8.1 Spellcasting
 + Level 9.1 Conjurations
   Level 4.1 Poison Magic


You had 20 spell levels left.
You knew the following spells:

 Your Spells              Type           Power        Failure   Level  Hunger
a - Magic Dart            Conj           ####         1%          1    None
b - Searing Ray           Conj           #####.       1%          2    None
c - Sticks to Snakes      Tmut           #.......     58%         2    None


Dungeon Overview and Level Annotations

Branches:
Dungeon (8/15)             Temple (1/1) D:5
   Lair: D:8-11

Altars:
Ashenzari
Cheibriados
Dithmenos
Elyvilon
Fedhas
Gozag
Hepliaklqana
Kikubaaqudgha
Makhleb
Nemelex Xobeh
Qazlal
Ru
Trog
Uskayaw
Vehumet
Xom
Yredelemnul
Zin
The Shining One


Innate Abilities, Weirdness & Mutations

You are small and have problems with some larger weapons.
You are carnivorous and can eat meat at any time.


Message History

The orc warrior hits you with a halberd.
The orc warrior hits you from afar with a trident!
The searing ray hits the orc.
The orc is heavily wounded.
The searing ray hits the orc warrior.
The orc warrior is almost dead.
You finish channeling your searing ray.
The orc warrior hits you but does no damage.
The orc warrior hits you from afar with a trident!
* * * LOW HITPOINT WARNING * * *
The orc misses you. You block the orc warrior's attack.
The orc warrior hits you from afar with a trident.
* * * LOW HITPOINT WARNING * * *
The orc hits you but does no damage.
You climb upwards.
There is a stone staircase leading down here.
The orc warrior barely misses you. The orc closely misses you.
The orc warrior hits you from afar with a halberd!
You die...

#.# ####.....'..............
#.######......(.#####..........
#...............# #..........
#...............#####..........
#...............+..............
#...........)...#####..........
#...........o>[................
#.######.....o...####..........
##'## #...###@#.# #..........
#...# #...# #.#.####..........
#...# #...# #.#.##............
#...# #...# #.#.##.#..........
#...# #...# #.#.##.#..........
##'#######'##
#.#.##.#.......... #.........#
#.#.##.#.......... ###########
#.#.##............
############.#.####..........


You could see an orc warrior and an orc.

Vanquished Creatures
  Prince Ribbit (D:6)
  A hungry ghost (D:5)
  Edmund (D:5)
  Duvessa (D:5)
  An ice beast (D:6)
  A black bear (D:7)
  3 centaurs (D:6)
  2 ogres (D:6)
  2 bullfrogs
  Dowan (D:5)
  3 howler monkeys
  2 crimson imps
  2 jellies
  A hound (D:4)
  A quasit (D:5)
  2 orc priests
  A centaur skeleton (D:7)
  An orc wizard (D:5)
  Ijyb (D:5)
  3 iguanas
  Terence (D:3)
  4 worker ants
  A worker ant zombie (D:5)
  A hound skeleton (D:6)
  13 gnolls
  A howler monkey skeleton (D:4)
  7 adders
  A shadow imp (D:5)
  A white imp (D:5)
  6 worms
  2 dart slugs
  5 leopard geckos
  28 orcs
  12 bats
  3 giant cockroaches
  12 hobgoblins
  13 jackals
  3 quokkas
  A ball python (D:2)
  9 frilled lizards
  A giant cockroach zombie (D:6)
  11 goblins
  15 kobolds
  3 rats
185 creatures vanquished.

Notes
Turn   | Place    | Note
-------+----------+-------------------------------------------
     0 | D:1      | pstr the Kobold Conjurer began the quest for the Orb.
     0 | D:1      | Reached XP level 1. HP: 10/10 MP: 3/3
   611 | D:1      | Reached XP level 2. HP: 15/15 MP: 1/5
   615 | D:1      | Learned a level 2 spell: Searing Ray
  1353 | D:2      | Reached XP level 3. HP: 3/19 MP: 0/6
  1838 | D:2      | Found a white marble altar of Elyvilon.
  1890 | D:2      | Found a basalt altar of Yredelemnul.
  2008 | D:2      | Reached XP level 4. HP: 24/24 MP: 0/7
  3105 | D:3      | Noticed Terence
  3110 | D:3      | Killed Terence
  3110 | D:3      | Reached skill level 1 in Throwing
  3110 | D:3      | Reached skill level 5 in Conjurations
  3110 | D:3      | Reached XP level 5. HP: 28/28 MP: 2/9
  4365 | D:4      | Got a wavering zirconium amulet
  4366 | D:4      | Identified the amulet of the Traitor {Gourm rC++ Str-5} (You found it on level 4 of the Dungeon)
  5008 | D:4      | Reached XP level 6. HP: 33/33 MP: 4/10
  5188 | D:4      | Reached skill level 1 in Armour
  6559 | D:4      | Reached skill level 1 in Shields
  6759 | D:4      | Reached skill level 1 in Fighting
  6759 | D:4      | Reached XP level 7. HP: 27/38 MP: 3/12
  7082 | D:5      | Entered Level 5 of the Dungeon
  7091 | D:5      | Noticed Dowan
  7096 | D:5      | Killed Dowan
  7097 | D:5      | Noticed Duvessa
  7110 | D:5      | Reached skill level 5 in Short Blades
  7110 | D:5      | Reached skill level 8 in Conjurations
  7110 | D:5      | Reached XP level 8. HP: 29/48 MP: 1/18
  7125 | D:5      | Killed Duvessa
  7428 | D:5      | Noticed Edmund
  7460 | D:5      | Killed Edmund
  7953 | D:5      | Found a staircase to the Ecumenical Temple.
  7976 | Temple   | Entered the Ecumenical Temple
  8029 | Temple   | Became a worshipper of Qazlal Stormbringer
  8429 | D:5      | Noticed Ijyb
  8437 | D:5      | Killed Ijyb
  8637 | D:5      | Reached XP level 9. HP: 50/52 MP: 11/20
  9934 | D:6      | Noticed Prince Ribbit
  9943 | D:6      | Killed Prince Ribbit
 10033 | D:6      | Reached * piety under Qazlal
 10263 | D:6      | Reached skill level 9 in Conjurations
 10494 | D:7      | Learned a level 2 spell: Sticks to Snakes
 11011 | D:7      | Found a hazy altar of Hepliaklqana.
 11478 | D:8      | Reached XP level 10. HP: 58/58 MP: 10/22
 11596 | D:7      | Slain by an orc warrior

Skill      XL: |  1  2  3  4  5  6  7  8  9 |
---------------+----------------------------+-----
Dodging        | 3 6 |  6.5
Throwing       | 1 |  1.2
Stealth        | 3 6 |  6.9
Conjurations   | 5 8 9 |  9.1
Spellcasting   | 3 7 8 |  8.1
Armour         | 1 2 3 |  3.1
Shields        | 1 |  1.2
Fighting       | 1 4 |  4.7
Short Blades   | 5 |  5.4
Poison Magic   | 4 |  4.1
Axes           | |  0.7
Unarmed Combat | |  0.8

Action                   |  1- 3 |  4- 6 |  7- 9 | 10-12 || total
-------------------------+-------+-------+-------+-------++-------
Melee: Unarmed           |     6 |     1 |       |       ||     7
       Short sword       |       |    16 |       |       ||    16
       Hand axe          |       |    31 |    10 |       ||    41
Throw: Stone             |    28 |       |       |       ||    28
 Cast: Magic Dart        |    63 |   102 |   108 |       ||   273
       Searing Ray       |     4 |    36 |    48 |     4 ||    92
  Use: Scroll            |     1 |     2 |     8 |       ||    11
       Potion            |     1 |       |     7 |       ||     8
  Eat: Chunk             |     5 |    25 |    15 |     2 ||    47
Armor: Robe              |     3 |     3 |       |       ||     6
       Skin              |    27 |       |       |       ||    27
       Ring mail         |       |    14 |     2 |     7 ||    23
       Leather armour    |       |     3 |     7 |       ||    10
Dodge: Dodged            |    33 |    62 |    27 |     7 ||   129
Block: Buckler           |    10 |    39 |    21 |     6 ||    76
